 Dungeon Crawl Stone Soup version 0.16.2-12-gd0ad4c3 (webtiles) character file.

58926 faibistes the Eclecticist (level 14, 0/83 HPs)
             Began as a Deep Elf Wizard on Jan 22, 2019.
             Was the Champion of Sif Muna.
             Shot with a poisoned arrow by Nessos (6 damage)
             ... on level 11 of the Dungeon.
             The game lasted 01:41:34 (37128 turns).

faibistes the Eclecticist (Deep Elf Wizard)        Turns: 37128, Time: 01:41:34

Health: 0/83       AC: 10    Str:  4    XL:     14   Next: 51%
Magic:  26/47      EV: 17    Int: 29    God:    Sif Muna [******]
Gold:   215        SH:  0    Dex: 13    Spells: 12 memorised, 2 levels left

rFire  + . .     SeeInvis .     w - +6 dagger (elec)
rCold  . . .     Clarity  .     E - +1 robe {rF+}
rNeg   + . .     SustAb   .     (no shield)
rPois  .         Gourm    .     e - +1 hat
rElec  .         Spirit   .     L - +2 cloak
rCorr  .         Warding  +     (no gloves)
rMut   .         Stasis   .     M - +2 pair of boots
MR     +....                    X - amulet of warding
Stlth  ++........               l - ring of wizardry
                                z - ring of magical power

@: lethally poisoned (0 -> -14), repel missiles, somewhat resistant to hostile
enchantments, unstealthy
A: spit poison 1
a: Spit Poison, Channel Energy, Forget Spell, Renounce Religion


You were on level 11 of the Dungeon.
You worshipped Sif Muna.
Sif Muna was exalted by your worship.
You were not hungry.

You visited 3 branches of the dungeon, and saw 21 of its levels.

You collected 1125 gold pieces.
You spent 910 gold pieces at shops.

Inventory:

Hand weapons
 g - the +7 quarterstaff of Imotiet {flame, Noisy rElec rN+}
   (You found it on level 10 of the Dungeon)

   It has been specially enchanted to burn those struck by it, causing extra
   injury to most foes and up to half again as much damage against particularly
   susceptible opponents.
   It insulates you from electricity.
   It protects you from negative energy.
   It may make noises in combat.
 w - a +6 dagger of electrocution (weapon)
Armour
 e - a +1 hat (worn)
 E - a +1 robe of fire resistance (worn)
 L - a +2 cloak (worn)
 M - a +2 pair of boots (worn)
Magical staves
 Q - an uncursed staff of air
Jewellery
 l - a ring of wizardry (right hand)
 u - an uncursed ring of protection from fire
 v - an uncursed ring of stealth
 z - a ring of magical power (left hand)
 H - an uncursed ring of protection from cold
 X - an amulet of warding (around neck)
Magical devices
 b - a wand of cold (2)
 m - a wand of paralysis (11)
 q - a wand of teleportation (4)
 t - a wand of enslavement (14)
 D - a wand of digging (9)
 J - a wand of confusion (3)
 N - a wand of cold (6)
 O - a wand of teleportation (4)
 T - a wand of polymorph (1)
 V - a wand of confusion (16)
 W - a wand of polymorph (9)
Scrolls
 c - 3 scrolls of magic mapping
 f - 4 scrolls of teleportation
 n - 7 scrolls of remove curse
 r - 4 scrolls of recharging
 s - 2 scrolls of fog
 y - 9 scrolls of identify
 A - 5 scrolls of immolation
 K - 2 scrolls of fear
 S - 2 scrolls of blinking
Potions
 a - a potion of cancellation
 i - 9 potions of curing
 j - 2 potions of haste
 k - a potion of degeneration {unknown}
 p - 4 potions of restore abilities
 B - a potion of lignification {unknown}
 C - 2 potions of flight
 P - 3 potions of resistance
 R - 6 potions of brilliance
 U - 2 potions of magic
 Y - 2 potions of heal wounds
Comestibles
 d - 6 bread rations
 h - 3 beef jerkies
 o - 10 meat rations
 x - 3 fruits
 F - 16 royal jellies
 G - 9 slices of pizza
 I - 7 chunks of flesh


   Skills:
 + Level 7.8 Fighting
 - Level 10.0 Dodging
 - Level 2.4 Stealth
 * Level 15.8 Spellcasting
 * Level 8.1 Conjurations
 + Level 7.9 Charms
   Level 1.1 Summonings
 + Level 6.0 Translocations
 - Level 3.0 Transmutations
 + Level 8.3 Fire Magic
 - Level 2.8 Air Magic
 * Level 8.2 Earth Magic
 - Level 2.0 Poison Magic
 * Level 9.2 Invocations
 - Level 9.2 Evocations


You had 2 spell levels left.
You knew the following spells:

 Your Spells              Type           Power        Failure   Level  Hunger
a - Magic Dart            Conj           ####         1%          1    None
b - Conjure Flame         Conj/Fire      ######..     1%          3    None
c - Iskenderun's Battles  Conj/Chrm      ######..     1%          5    None
d - Blink                 Tloc           N/A          1%          2    None
e - Mephitic Cloud        Conj/Pois/Air  #####...     1%          3    None
f - Repel Missiles        Chrm/Air       ######       1%          2    None
h - Petrify               Trmt/Erth      ######..     1%          4    None
i - Passwall              Trmt/Erth      ######....   1%          3    None
l - Lee's Rapid Deconstr  Erth           ######....   1%          5    None
v - Bolt of Magma         Conj/Fire/Erth ######....   1%          5    None
x - Sticky Flame          Conj/Fire      ######..     1%          4    None
z - Fireball              Conj/Fire      ######....   1%          5    None


Dungeon Overview and Level Annotations

Branches:
Dungeon (12/15)            Temple (1/1) D:4            Lair (8/8) D:8
 Shoals (0/5) Lair:3       Spider (0/5) Lair:4        Slime (0/6) Lair:8
    Orc (0/4) D:11

Altars:
Ashenzari
Cheibriados
Dithmenos
Elyvilon
Fedhas
Gozag
Kikubaaqudgha
Makhleb
Nemelex Xobeh
Okawaru
Qazlal
Ru
Sif Muna
Trog
Vehumet
Xom
Yredelemnul
Zin
The Shining One

Shops:
D:6 :

Annotations:
D:11 Nessos


Innate Abilities, Weirdness & Mutations

You can spit poison.


Message History

You feel sick.
Nessos shoots a poisoned arrow.
The poisoned arrow hits you! The poisoned arrow burns you.
You are more poisoned.
You see here a poisoned arrow.
You feel sick.
Nessos shoots a poisoned arrow.
The poisoned arrow is repelled.
Casting: Fireball
Confirm with . or Enter, or press ? or * to list all spells.
Aiming: Fireball
Press: ? - help, Shift-Dir - straight line, f/p - Nessos
Aim: Nessos, wielding a longbow of flaming and wearing a centaur barding (moderately wounded, fast)
The fireball explodes!
The fireball engulfs Nessos.
Nessos is heavily wounded.
You feel sick.
Your battlesphere fires!
The barrage of energy hits Nessos.
Nessos is heavily wounded.
Nessos shoots a poisoned arrow.
The poisoned arrow hits you!!
* * * LOW HITPOINT WARNING * * *
The poisoned arrow burns you.
You die...

.. # ####.#
..# ##....#
#..# ##.....#
#..# ##.....#
#.. #.(....##
#.###....<..#
#.(#(%......#
#@(*........#
##..........#
#..........#
#..####..####
#..c# ##.#
...## ##. ..#
.. .#


You could see Nessos.

Vanquished Creatures
  Fannar (D:10)
  5 hydras
  The ghost of faibistes the Thaumaturge, a powerful DEWz of Sif Muna (D:10)
  6 death yaks
  Erolcha (D:8)
  Pikel (D:4)
  A wizard (D:10)
  3 hill giants (D:10)
  The ghost of faibistes the Thaumaturge, an experienced DEWz of Sif Muna (D:11)
  An ugly thing (D:11)
  A cyclops (D:11)
  3 griffons
  A siren (Lair:3)
  14 elephants
  Maurice (D:10)
  4 black mambas
  A torpor snail (Lair:2)
  14 spiny frogs
  Psyche (D:10)
  10 komodo dragons
  9 polar bears
  2 raiju (Lair:8)
  A boulder beetle (Lair:8)
  8 blink frogs
  A deep elf mage (D:9)
  A redback (Lair:4)
  6 basilisks
  39 yaks
  6 humans
  A hungry ghost (D:11)
  A hog (D:7)
  A wyvern (D:8)
  14 hippogriffs
  A hill giant zombie (D:11)
  7 wargs (Lair:8)
  24 wolves
  Edmund (D:5)
  12 water moccasins
  A mottled dragon (D:10)
  2 phantoms
  3 hell hounds (Lair:8)
  13 black bears
  4 ice beasts
  2 sky beasts (D:8)
  An eye of draining (D:4)
  11 porcupines
  2 boring beetles
  2 slaves (D:4)
  3 centaurs
  5 orc warriors
  2 necrophages
  3 ogres
  15 crocodiles
  23 giant frogs
  A big kobold (D:7)
  3 gnoll sergeants
  5 wights
  4 scorpions
  2 electric eels (Lair:6)
  3 troll zombies (D:11)
  14 killer bees
  A giant frog zombie (D:7)
  A centaur zombie (D:9)
  5 crimson imps
  A goliath beetle (D:9)
  8 orc priests
  3 giant frog skeletons
  8 jellies
  Crazy Yiuf (D:5)
  2 centaur skeletons
  7 iguanas
  7 worker ants
  6 orc wizards
  23 hounds
  6 hell rats (Lair:7)
  31 sheep
  4 ogre zombies (D:11)
  Ijyb (Lair:2)
  3 hound zombies
  3 hound skeletons
  A mummy (D:8)
  2 worker ant zombies
  18 adders
  19 gnolls
  6 shadow imps
  67 river rats
  2 worms
  A sheep zombie (D:7)
  A sheep skeleton (D:7)
  3 adder skeletons
  An adder zombie (D:6)
  6 giant geckos
  53 orcs
  19 bats
  A bat skeleton (D:8)
  8 giant cockroaches
  17 hobgoblins
  25 jackals
  32 kobolds
  5 oozes
  20 quokkas
  2 ball pythons (D:2)
  8 giant newts
  A giant spore (D:10)
  10 goblins
  A goblin skeleton (D:11)
  4 goblin zombies (D:11)
  4 hobgoblin zombies (D:11)
  A jackal skeleton (D:7)
  2 orc skeletons (D:11)
  15 orc zombies
  A quokka skeleton (D:6)
  A quokka zombie (D:5)
  28 rats
  6 ballistomycetes
  2 bushes
  12 fungi
  3 plants
859 creatures vanquished.

Vanquished Creatures (collateral kills)
  A porcupine (D:8)
  The ghost of faibistes the Magician, an average DEWz (D:3)
  2 adders (D:2)
  4 river rats
  An orc (D:5)
  A kobold (D:4)
10 creatures vanquished.

Vanquished Creatures (others)
  A spiny frog (Lair:8)
  A slave (D:5)
  A crocodile (Lair:8)
  A scorpion (D:10)
  4 crimson imps (D:8)
  An iron imp (D:8)
  A white imp (Lair:1)
  An orc (D:10)
  3 jackals (D:4)
  A bat (D:4)
  A giant spore (D:8)
  36 fungi
  14 plants
66 creatures vanquished.

Grand Total: 935 creatures vanquished

Notes
Turn   | Place    | Note
--------------------------------------------------------------
     0 | D:1      | faibistes, the Deep Elf Wizard, began the quest for the Orb.
     0 | D:1      | Reached XP level 1. HP: 10/10 MP: 6/6
   264 | D:2      | Reached XP level 2. HP: 15/15 MP: 5/10
   273 | D:2      | Learned a level 2 spell: Blink
   276 | D:2      | Learned a level 2 spell: Call Imp
   501 | D:2      | Reached skill level 5 in Spellcasting
   503 | D:2      | Gained mutation: You can spit poison. [potion of beneficial mutation]
   804 | D:2      | Reached XP level 3. HP: 11/19 MP: 6/14
   809 | D:2      | Learned a level 3 spell: Conjure Flame
   813 | D:2      | Learned a level 3 spell: Mephitic Cloud
  1628 | D:1      | Learned a level 2 spell: Repel Missiles
  1695 | D:1      | Reached XP level 4. HP: 24/24 MP: 14/17
  2646 | D:3      | Noticed faibistes' ghost (average DEWz)
  2809 | D:3      | Killed faibistes' ghost
  2912 | D:3      | Reached XP level 5. HP: 28/28 MP: 18/20
  3068 | D:3      | Reached skill level 6 in Spellcasting
  3998 | D:5      | Entered Level 5 of the Dungeon
  4196 | D:4      | Reached XP level 6. HP: 30/32 MP: 13/22
  4473 | D:4      | Reached skill level 7 in Spellcasting
  4866 | D:4      | Reached skill level 1 in Fighting
  4978 | D:4      | Found a staircase to the Ecumenical Temple.
  4991 | Temple   | Entered the Ecumenical Temple
  5211 | D:5      | Noticed a slave
  5212 | D:5      | Noticed Pikel
  5213 | D:5      | Noticed a slave
  5216 | D:5      | Noticed a slave
  5216 | D:5      | Noticed a slave
  5265 | D:5      | Noticed an eye of draining
  5603 | D:4      | Killed a slave
  5705 | D:4      | Killed a slave
  5839 | D:4      | Reached skill level 1 in Evocations
  5839 | D:4      | Reached XP level 7. HP: 30/38 MP: 14/25
  5963 | D:4      | Killed an eye of draining
  6022 | D:4      | Killed Pikel
  6022 | D:4      | Reached skill level 5 in Dodging
  6022 | D:4      | Reached skill level 8 in Spellcasting
  6022 | D:4      | Reached XP level 8. HP: 42/46 MP: 14/28
  6030 | D:4      | Reached skill level 9 in Spellcasting
  6130 | D:5      | Noticed Edmund
  6145 | D:5      | Killed Edmund
  6219 | D:5      | Killed a freed slave
  6641 | D:6      | Found a staircase to the Ecumenical Temple.
  6839 | D:5      | Noticed an orc warrior
  7000 | D:5      | Killed an orc warrior
  7503 | D:6      | Found Magawia's Book Shoppe.
  7904 | D:5      | Noticed Crazy Yiuf
  7911 | D:5      | Killed Crazy Yiuf
  8293 | D:6      | Reached skill level 10 in Spellcasting
  8706 | D:6      | Reached XP level 9. HP: 52/52 MP: 16/30
  9878 | D:7      | Reached skill level 5 in Fighting
  9878 | D:7      | Reached skill level 5 in Evocations
 10044 | D:7      | Reached skill level 11 in Spellcasting
 11265 | D:7      | Reached XP level 10. HP: 55/60 MP: 19/32
 12125 | D:7      | Found a radiant altar of Vehumet.
 12128 | D:7      | Found a sacrificial altar of Ru.
 12133 | D:7      | Found a deep blue altar of Sif Muna.
 12137 | D:7      | Became a worshipper of Sif Muna the Loreminder
 12181 | D:7      | Reached skill level 12 in Spellcasting
 12192 | D:7      | Reached skill level 1 in Fire Magic
 12192 | D:7      | Reached skill level 1 in Air Magic
 12484 | D:8      | Noticed Erolcha
 12587 | D:8      | Killed Erolcha
 12587 | D:8      | Reached skill level 1 in Poison Magic
 12796 | D:8      | Acquired Sif Muna's first power
 13401 | D:8      | Learned a level 2 spell: Stoneskin
 13443 | D:8      | Found a staircase to the Lair.
 13562 | D:8      | Reached skill level 5 in Conjurations
 13638 | D:8      | Reached skill level 1 in Earth Magic
 14219 | D:8      | Acquired Sif Muna's second power
 14892 | D:9      | Reached skill level 1 in Charms
 14907 | D:9      | Reached skill level 1 in Transmutations
 14938 | D:9      | Reached skill level 1 in Invocations
 15597 | D:10     | Entered Level 10 of the Dungeon
 15611 | D:10     | Noticed a hill giant
 15615 | D:10     | Reached XP level 11. HP: 64/64 MP: 27/34
 15620 | D:10     | Killed a hill giant
 15627 | D:10     | Reached skill level 13 in Spellcasting
 15875 | D:10     | Noticed faibistes' ghost (powerful DEWz)
 16310 | Lair:1   | Entered Level 1 of the Lair of Beasts
 18531 | D:6      | Bought a book of Flames for 455 gold pieces
 18537 | D:6      | Learned a level 5 spell: Fireball
 18542 | D:6      | Learned a level 4 spell: Sticky Flame
 19475 | Lair:3   | Noticed a death yak
 19480 | Lair:3   | Killed a death yak
 20270 | Lair:2   | Noticed Ijyb
 20275 | Lair:2   | Acquired Sif Muna's third power
 20278 | Lair:2   | Killed Ijyb
 20284 | Lair:2   | Reached XP level 12. HP: 71/71 MP: 21/36
 21379 | Lair:3   | Reached skill level 5 in Earth Magic
 21379 | Lair:3   | Reached skill level 5 in Fire Magic
 21791 | Lair:3   | Reached skill level 14 in Spellcasting
 21845 | Lair:3   | Reached skill level 5 in Invocations
 22387 | Lair:3   | Found a staircase to the Shoals.
 22562 | Lair:4   | Found an iron altar of Okawaru.
 22827 | Lair:4   | Found a hole to the Spider Nest.
 22906 | Lair:4   | Learned a level 5 spell: Bolt of Magma
 24566 | Lair:6   | Reached skill level 5 in Charms
 26297 | Lair:5   | Reached XP level 13. HP: 76/76 MP: 29/37
 28084 | Lair:7   | Reached skill level 5 in Translocations
 28377 | Lair:7   | Reached skill level 10 in Dodging
 28514 | Lair:8   | Entered Level 8 of the Lair of Beasts
 28533 | Lair:8   | Received a gift from Sif Muna
 28534 | Lair:8   | Identified Jotif's Disquisition on Poisonous Attacks (Sif Muna gifted it to you on level 8 of the Lair of Beasts)
 28594 | Lair:7   | Noticed a five-headed hydra
 29360 | Lair:7   | Reached skill level 15 in Spellcasting
 29418 | Lair:7   | Killed a five-headed hydra
 32156 | Lair:8   | Found a staircase to the Slime Pits.
 32548 | Lair:2   | Reached XP level 14. HP: 82/82 MP: 31/38
 32657 | D:6      | Bought a book of Geomancy for 455 gold pieces
 32663 | D:6      | Learned a level 5 spell: Lee's Rapid Deconstruction
 32668 | D:6      | Learned a level 4 spell: Petrify
 32672 | D:6      | Learned a level 3 spell: Passwall
 34681 | Lair:8   | Received a gift from Sif Muna
 34682 | Lair:8   | Identified Lyavauj's Catalogue of Aid and Stones (Sif Muna gifted it to you on level 8 of the Lair of Beasts)
 34958 | Lair:2   | Learned a level 5 spell: Iskenderun's Battlesphere
 35070 | D:10     | Noticed Psyche
 35358 | D:10     | Noticed a hill giant
 35363 | D:10     | Killed a hill giant
 35624 | D:10     | Got a slimy quarterstaff
 35625 | D:10     | Identified the +7 quarterstaff of Imotiet {flame, Noisy rElec rN+} (You found it on level 10 of the Dungeon)
 35818 | D:10     | Noticed Fannar
 35822 | D:10     | Killed Fannar
 35945 | D:10     | Noticed a hill giant
 35950 | D:10     | Killed a hill giant
 35984 | D:10     | Noticed a wizard
 35992 | D:10     | Killed faibistes' ghost
 35992 | D:10     | Killed a wizard
 36204 | D:11     | Noticed Maurice
 36238 | D:10     | Killed Maurice
 36417 | D:11     | Found a staircase to the Orcish Mines.
 36906 | D:10     | Killed Psyche
 37044 | D:10     | Found a sacrificial altar of Ru.
 37115 | D:11     | Noticed faibistes' ghost (experienced DEWz)
 37118 | D:11     | Killed faibistes' ghost
 37121 | D:11     | Noticed Nessos
 37128 | D:11     | Shot with a poisoned arrow by Nessos

Action                   |  1- 3 |  4- 6 |  7- 9 | 10-12 | 13-15 || total
-------------------------+-------+-------+-------+-------+-------++-------
Melee: Dagger            |     3 |    22 |    66 |   172 |    81 ||   344
 Cast: Magic Dart        |    85 |   214 |   404 |   540 |    29 ||  1272
       Call Imp          |     4 |     5 |       |    10 |       ||    19
       Blink             |     2 |     6 |    23 |    17 |    13 ||    61
       Repel Missiles    |     1 |     2 |     3 |     1 |     1 ||     8
       Mephitic Cloud    |     1 |    10 |    25 |    36 |     2 ||    74
       Conjure Flame     |       |    14 |    44 |    54 |    63 ||   175
       Stoneskin         |       |       |       |     6 |       ||     6
       Sticky Flame      |       |       |       |    66 |    97 ||   163
       Fireball          |       |       |       |   129 |   243 ||   372
       Bolt of Magma     |       |       |       |     5 |    20 ||    25
       Lee's Rapid Decon |       |       |       |       |    21 ||    21
       Iskenderun's Batt |       |       |       |       |     8 ||     8
Invok: Channel Energy    |       |       |       |    16 |    49 ||    65
 Abil: Spit Poison       |       |     5 |     5 |     5 |       ||    15
Evoke: Wand              |       |       |    11 |       |       ||    11
  Use: Potion            |     3 |       |       |       |     1 ||     4
       Scroll            |       |     4 |     9 |    18 |     9 ||    40
 Stab: Sleeping          |       |     1 |     1 |     2 |       ||     4
       Confused          |       |       |     5 |     5 |     1 ||    11
  Eat: Chunk             |     2 |    13 |    17 |    48 |    29 ||   109
       Fruit             |       |       |       |     1 |     8 ||     9
       Beef jerky        |       |       |       |       |     3 ||     3
